 Dungeon Crawl Stone Soup version 0.31-a0-177-g4aa6249778 (webtiles) character file.

Game seed: 16339327184247010646

26 Moral the Cutter (level 3, -2/24 HPs)
             Began as a Kobold Chaos Knight on June 18, 2023.
             Was a Plaything of Xom.
             Slain by an orc
             ... wielding a +0 whip
              (3 damage)
             ... on level 3 of the Dungeon.
             The game lasted 00:04:51 (941 turns).

Moral the Cutter (Kobold Chaos Knight)               Turns: 941, Time: 00:04:52

Health: -2/24      AC:  5    Str:  9    XL:     3   Next: 22%
Magic:  3/3        EV: 14    Int: 13    God:    Xom [..*...]
Gold:   60         SH:  0    Dex: 16    Spells: 2/2 levels left

rFire   . . .        a - +0 short sword (chaos)
rCold   . . .        (no shield)
rNeg    . . .        b - +2 leather armour
rPois   .            (no helmet)
rElec   .            (no cloak)
rCorr   .            (no gloves)
SInv    .            (no boots)
Will    .....        (no amulet)
Stlth   +++          (no ring)
HPRegen 0.24/turn    (no ring)
MPRegen 0.08/turn

%: no passive effects
@: no status effects
A: small, no large weapons, nightstalker 3
a: Renounce Religion


You were on level 3 of the Dungeon.
You worshipped Xom.
You were a toy of Xom.
You visited 1 branch of the dungeon, and saw 3 of its levels.

You collected 60 gold pieces.

Inventory:

Hand Weapons
 a - a +0 short sword of chaos (weapon)
Armour
 b - a +2 leather armour (worn)
Scrolls
 f - a scroll of identify
 g - a scroll of enchant armour {unknown}
 h - a scroll of poison {unknown}
 i - a scroll of fear {unknown}
 k - a scroll of teleportation {unknown}
 m - a scroll of silence {unknown}
Potions
 e - a potion of heal wounds {unknown}
 j - a potion of lignification {unknown}
 l - 2 potions of curing {unknown}
 n - a potion of haste {unknown}
Miscellaneous
 c - a piece from Xom's chessboard (15/15) (quivered)


   Skills:
 + Level 3.6 Fighting
 + Level 4.4 Short Blades
 - Level 0.7 Armour
 + Level 3.0 Dodging
 + Level 1.7 Stealth


You had 2 spell levels left.
You didn't know any spells.
Your spell library contained the following spells:

 Spells                   Type           Power      Damage    Failure   Level
 Ensorcelled Hibernation  Hex/Ice        0%         N/A       54%         2
 Passwall                 Tmut/Erth      0%         N/A       54%         2
 Swiftness                Air            0%         N/A       77%         3


Dungeon Overview and Level Annotations

Branches:
Dungeon (3/15)

Altars:


Innate Abilities, Weirdness & Mutations

You are small and have problems with some larger weapons.
You are completely attuned to the shadows.


Message History

The orc completely misses you.
The hobgoblin shouts!
You hit the orc.
The orc is heavily wounded.
The quokka bites you but does no damage.
The orc attacks as you move away! The orc hits you with a +0 whip.
The quokka bites you but does no damage.
The quokka completely misses you. The orc attacks as you move away!
The orc barely misses you. The orc misses you.
The orc attacks as you move away! The orc hits you with a +0 whip.
The orc attacks as you move away! The orc hits you with a +0 morningstar!
The orc attacks as you move away! The orc hits you but does no damage.
The orc attacks as you move away! The orc misses you.
You barely miss the orc. The orc hits you with a +0 club.
The quokka misses you. The quokka attacks as you move away!
The quokka bites you but does no damage.
An adder comes into view.
The orc attacks as you move away! The orc barely misses you.
Found a stone staircase leading down.
The orc attacks as you move away! The orc hits you but does no damage.
The orc attacks as you move away! The orc hits you with a +0 club.
* * * LOW HITPOINT WARNING * * *
There is a stone staircase leading down here.
The orc attacks as you move away! The orc hits you with a +0 club.
* * * LOW HITPOINT WARNING * * *
The orc attacks as you move away! The orc closely misses you.
The orc attacks as you move away! The orc closely misses you.
As you read the scroll labelled AMEKHE RUKEDOW, it crumbles to dust.
It is a scroll of identify.
d - a scroll of fog The orc hits you with a +0 club.
* * * LOW HITPOINT WARNING * * *
The orc misses you.
As you read the scroll of fog, it dissolves into smoke.
The orc hits you with a +0 club.
* * * LOW HITPOINT WARNING * * *
The orc hits you with a +0 whip.
You die...

......# .......#
.... .......#
#.......
..>..$.#####......##
..............S§.§§#
........##.....o§§§#
........g..#g>ro@§.#
......#.r####.§o§§##
.........# ##...##
.........### #####
..?........##..
^...######.....
#........ #.#######
#.#


You could see an adder (asleep), 3 orcs, a quokka and a hobgoblin.

Vanquished Creatures
  A worm (D:2)
  An orc (D:3)
  2 ball pythons (D:2)
  3 bats
  2 endoplasms
  2 giant cockroaches
  3 goblins
  4 hobgoblins
18 creatures vanquished.

Notes
Turn   | Place    | Note
-------+----------+-------------------------------------------
     0 | D:1      | Moral the Kobold Chaos Knight began the quest for the Orb.
     0 | D:1      | Reached XP level 1. HP: 14/14 MP: 1/1
   156 | D:1      | Reached skill level 1 in Stealth
   156 | D:1      | Reached XP level 2. HP: 18/19 MP: 2/2
   176 | D:1      | You fall into a shaft and drop 1 floor!
   412 | D:2      | Reached XP level 3. HP: 23/23 MP: 3/3
   941 | D:3      | HP: 1/24 [orc/+0 club (3)]
   941 | D:3      | Slain by an orc

Illustrated notes

Levels and vault maps discovered:
D:1:      saegor_arrival_simple_c, layout_basic
D:2:      layout_basic, skrybe_limestone_x
D:3:      layout_rooms, nicolae_wu_jian_wuxing_cycle, zin_academy, uniq_sigmund,
          uniq_terence, uniq_grinder

Skill      XL: |  1  2  3 |
---------------+----------+-----
Stealth        | 1 |  1.7
Dodging        | 3 |  3.0
Fighting       | |  3.6
Short Blades   | |  4.4
Armour         | |  0.7

Action                     || total
---------------------------++-------
  Melee: Short sword       ||    57
         Punch             ||     1
    Use: Scroll            ||     2
   Stab: Sleeping          ||     5
 Armour: Leather armour    ||    20
  Dodge: Dodged            ||    60

Table legend: (Time is in decaauts)
 A = Elapsed time spent in this place.
 B = Non-inter-level travel time spent in this place.
 C = Inter-level travel time spent in this place.
 D = Time resting spent in this place.
 E = Time spent auto-exploring this place.
 F = Levels seen in this place.
 G = Mean time per level.
                   A        B        C        D        E       F      G
               +--------+--------+--------+--------+--------+-----+--------+
         Total |    928 |    928 |      0 |      0 |    713 |   3 |  309.3 |
       Dungeon |    928 |    928 |      0 |      0 |    713 |   3 |  309.3 |
               +--------+--------+--------+--------+--------+-----+--------+

Top non-repeatable levels by time:
     D:2: 708 daAuts
     D:1: 172 daAuts
     D:3: 47 daAuts
